[Event "Snabb-SM för veteraner, 50+ 2019"]
[Site "Schackcentrum, Vegagatan 20, Gothenburg, Sweden"]
[Date "2019.10.05"]
[Round "1.1"]
[White "Andreasson, Ingvar"]
[Black "Bergre, Joachim"]
[Result "1-0"]
[TimeControl "15 minutes + 10 seconds per move from move one"]
[WhiteFideId "1700294"]
[BlackFideId "1704893"]
[WhiteElo "2413"]
[BlackElo "2035"]

1. b3 e5 2. Bb2 d6 3. e3 Nc6 4. g3 g6 5. Bg2 Bg7 6. c4 Nf6 7. Ne2 O-O 8. O-O d5 9. cxd5 Nxd5 10.
a3 Be6 11. d3 Qd7 12. Nd2 Rad8 13. Ne4 Qe7 14. Rc1 f5 15. Nc5 Bc8 16. b4 a6 17. Qb3 Qf7 18. Nxa6 bxa6 19. Rxc6 Bb7 20. Rc5 c6 21. e4 fxe4 22.
dxe4 Nb6 23. Qc2 Nd7 24. Rc4 a5 25. bxa5 Ra8 26. Rb4 Ba6 27. Bc1 c5 28. Rb1 Rfb8 29. Be3 Qc4 30. Nc3 Bf8 31.
Rfd1 Rxb1 32. Rxb1 Rb8 33. Bf1 Rxb1 34. Qxb1 Qxc3 35. Bxa6 Qxa5 36. Bc4+ Kg7 37. Qb7 1-0

[Event "Snabb-SM för veteraner, 50+ 2019"]
[Site "Schackcentrum, Vegagatan 20, Gothenburg, Sweden"]
[Date "2019.10.05"]
[Round "1.3"]
[White "Svenn, Gosta"]
[Black "Wesslen, Ulf"]
[Result "1-0"]
[TimeControl "15 minutes + 10 seconds per move from move one"]
[WhiteTitle "FM"]
[WhiteFideId "1700553"]
[BlackFideId "1705199"]
[WhiteElo "2272"]
[BlackElo "1971"]

1. d4 Nf6 2. c4 g6 3. Nc3 d5 4. cxd5 Nxd5 5. e4 Nxc3 6. bxc3 Bg7 7. Be3 c5 8. Rc1 Qa5 9. Qd2 O-O 10.
Nf3 Rd8 11. d5 Bg4 12. Be2 Nd7 13. h3 Bxf3 14. Bxf3 Rac8 15. O-O Qa4 16. c4 Ne5 17. Be2 b5 18. cxb5 Qxe4 19. Rfd1 Nd7 20.
Qa5 h6 21. d6 exd6 22. Rxd6 Be5 23. Rd2 Kg7 24. Rcd1 Qb7 25. Bf3 Qc7 26. Qxc7 Rxc7 27. Bc6 Bd4 28. Bxd4+ 1-0

[Event "Snabb-SM för veteraner, 50+ 2019"]
[Site "Schackcentrum, Vegagatan 20, Gothenburg, Sweden"]
[Date "2019.10.05"]
[Round "1.4"]
[White "Frisk, Hans"]
[Black "Svenn, Matti"]
[Result "1/2-1/2"]
[TimeControl "15 minutes + 10 seconds per move from move one"]
[WhiteFideId "1708570"]
[BlackFideId "1705091"]
[WhiteElo "1948"]
[BlackElo "2195"]

1. Nf3 Nf6 2. c4 g6 3. e3 Bg7 4. d4 c5 5. Nc3 O-O 6. Be2 cxd4 7. Nxd4 Nc6 8. O-O d6 9. b3 Bd7 10.
Bb2 a6 11. Qd2 Rb8 12. Rfd1 b5 13. Nxc6 Bxc6 14. Nd5 Ne4 15. Qc2 Bxb2 16. Qxb2 bxc4 17. Bxc4 Bxd5 18. Bxd5 Nf6 19. Bf3 Qb6 20. Qd4 a5 21. Qxb6 Rxb6 22.
Rac1 e6 23. h4 d5 24. Rc5 Ra8 25. Rdc1 Rbb8 26. Rc7 Kg7 27. g4 Ne8 28. R7c6 a4 29. Bd1 axb3 30. Bxb3 Rb4 31. f3 h5 32.
gxh5 gxh5 33. f4 Nf6 34. Kf2 d4 35.
Rd1 Ng4+ 36. Kf3 Nxe3 37. Rg1+ Ng4 38. f5 exf5 39. Rc7 Rf8 40. Kf4 d3+ 41. Kxf5 Rd4 42. Kg5 Nf6 43. Rc6 Rg4+ 44.
Rxg4 Nxg4 45. Kxh5 Nf2 46. Rd6 Ra8 47. Rd7 Ra5+ 48. Rd5 Rxd5+ 49. Bxd5 d2 50. Bb3 d1=Q+ 51. Bxd1 Nxd1 52. Kg5 Nc3 53. a3 Na4 54. Kf5 Nc5 55. h5 Na4 56. Kg5 Nc5 57. Kf5 1/2-1/2

[Event "Snabb-SM för veteraner, 50+ 2019"]
[Site "Schackcentrum, Vegagatan 20, Gothenburg, Sweden"]
[Date "2019.10.05"]
[Round "1.5"]
[White "Madebrink, Lars"]
[Black "Ansner, Bjorn"]
[Result "1-0"]
[TimeControl "15 minutes + 10 seconds per move from move one"]
[WhiteFideId "1701347"]
[BlackFideId "1702769"]
[WhiteElo "2179"]
[BlackElo "1934"]

1. Nf3 d5 2. d4 g6 3. c4 Nf6 4. cxd5 Nxd5 5. e4 Nb6 6. Nc3 Bg7 7. h3 O-O 8. Be2 Nc6 9. Be3 a6 10. O-O Na5 11. b3 Nc6 12.
Rc1 a5 13. Nb5 e6 14. Bf4 Nxd4 15. Nbxd4 Bxd4 16. Qxd4 Qxd4 17. Nxd4 1-0

[Event "Snabb-SM för veteraner, 50+ 2019"]
[Site "Schackcentrum, Vegagatan 20, Gothenburg, Sweden"]
[Date "2019.10.05"]
[Round "1.6"]
[White "Kirppo, Ronny"]
[Black "Holst, Conny"]
[Result "1/2-1/2"]
[TimeControl "15 minutes + 10 seconds per move from move one"]
[WhiteFideId "1724681"]
[BlackFideId "1701428"]
[WhiteElo "1877"]
[BlackElo "2166"]

1. e4 e5 2. Nf3 Nc6 3. Nc3 Nf6 4. Bb5 Bb4 5. O-O O-O 6. d3 d6 7. Bg5 Bxc3 8. bxc3 Qe7 9. Re1 Nd8 10.
Bc4 Ne6 1/2-1/2

[Event "Snabb-SM för veteraner, 50+ 2019"]
[Site "Schackcentrum, Vegagatan 20, Gothenburg, Sweden"]
[Date "2019.10.05"]
[Round "1.7"]
[White "Svensson, Sven"]
[Black "Andersson, Kjell-Ake"]
[Result "1-0"]
[TimeControl "15 minutes + 10 seconds per move from move one"]
[WhiteFideId "1709240"]
[BlackFideId "1713825"]
[WhiteElo "2158"]
[BlackElo "1854"]

1. d4 Nf6 2. c4 e6 3. Nc3 Bb4 4. Qc2 Nc6 5. Nf3 O-O 6. Bg5 d6 7. e3 e5 8. d5 Nb8 9. Be2 Bg4 10.
O-O Bxc3 11. Bxf6 Qxf6 12. Qxc3 Nd7 13. b4 b6 14. h3 Bxf3 15. Bxf3 e4 16. Qxf6 Nxf6 17. Be2 Nd7 18. Rfc1 f5 19.
c5 bxc5 20. Bb5 Ne5 21. bxc5 Nd3 22. Bxd3 exd3 23. cxd6 cxd6 24. Rc3 Rfc8 25. Rxd3 Rc2 26. Ra3 Rb8 27. Rxa7 Rbb2 28. Rf1 Rxa2 29.
Rd7 Rd2 30. Rb1 Rdb2 31. Rxb2 Rxb2 32. Rxd6 Kf7 33. f3 Re2 34.
Re6 Rd2 35. e4 f4 36. h4 h5 37. Kh2 g6 38. Kh3 Rd1 39. Kh2 Rd2 40. Ra6 Rd1 41. Ra2 Rd3 42. Kg1 Rd1+ 43. Kf2 Kf6 44. g3 fxg3+ 45. Kxg3 Ke5 46. Ra6 Rg1+ 47. Kf2 Rh1 48. Re6+ Kf4 49.
Rf6+ Ke5 50. Rxg6 Rxh4 51. d6 Rf4 52. d7 Rf8 53. Ke3 Rh8 1-0

[Event "Snabb-SM för veteraner, 50+ 2019"]
[Site "Schackcentrum, Vegagatan 20, Gothenburg, Sweden"]
[Date "2019.10.05"]
[Round "1.8"]
[White "Skulason, Johann"]
[Black "Andersson, Johan"]
[Result "0-1"]
[TimeControl "15 minutes + 10 seconds per move from move one"]
[WhiteFideId "1733915"]
[BlackFideId "1703935"]
[WhiteElo "1839"]
[BlackElo "2152"]

1. e4 d6 2. d4 Nf6 3. Nc3 c6 4. Bd3 e5 5. Nge2 Be7 6. O-O O-O 7. h3 Qc7 8. dxe5 dxe5 9. Ng3 Rd8 10.
Qe2 Nbd7 11. Nf5 Bf8 12. Bg5 h6 13. Bh4 g6 14. Ne3 Bg7 15. Rad1 Nc5 16. f3 b5 17. a3 a5 18. Ng4 Bxg4 19.
fxg4 g5 20. Bg3 b4 21. Nb1 Ne6 22. Nd2 Nf4 23. Bxf4 exf4 24. Nc4 Re8 25. e5 Nd7 26. Qe4 Nxe5 27. Qh7+ Kf8 28. g3 Nxc4 29.
Bxc4 Qb6+ 30. Kg2 Qe3 31. gxf4 gxf4 32. Qf5 Qg3+ 33. Kh1 Qxh3+ 34. Kg1 Qe3+ 35. Rf2 Re7 36. axb4 Bd4 37. Rdf1 Qg3+ 38.
Kh1 Bxf2 0-1

[Event "Snabb-SM för veteraner, 50+ 2019"]
[Site "Schackcentrum, Vegagatan 20, Gothenburg, Sweden"]
[Date "2019.10.05"]
[Round "1.9"]
[White "Hautajarvi, Jukka"]
[Black "Jacobsson, Lennart"]
[Result "1-0"]
[TimeControl "15 minutes + 10 seconds per move from move one"]
[WhiteFideId "1716190"]
[BlackFideId "1753320"]
[WhiteElo "2145"]
[BlackElo "1833"]

1. d4 d5 2. Nf3 Bf5 3. g3 c6 4. Bg2 e6 5. c4 Nf6 6. O-O h6 7. Nc3 Bd6 8. c5 Bc7 9. b4 Nbd7 10.
Nh4 Bh7 11. f4 O-O 12. a4 Ne4 13. Bd2 Ndf6 14. Ra3 Nxc3 15. Bxc3 Ne4 16. Bb2 b6 17. f5 bxc5 18. dxc5 e5 19.
Bxe4 dxe4 20. Qc2 g5 21. fxg6 fxg6 22. Rxf8+ Qxf8 23. Qxe4 g5 24. Qc4+ Kh8 25. Nf3 Qf5 26. Re3 Rf8 27. Bxe5+ Bxe5 28. Rxe5 Qb1+ 29. Kg2 Qa1 30.
Qd4 Qxd4 31. Nxd4 Rf6 32. b5 cxb5 33. axb5 Bg6 34. c6 Rf8 35. Re7 Bf7 36. e4 Bc4 37. Rxa7 Bf1+ 38. Kg1 Bd3 39. Ra1 Bxe4 40. b6 Kh7 41. b7 h5 42. Ra8 1-0

[Event "Snabb-SM för veteraner, 50+ 2019"]
[Site "Schackcentrum, Vegagatan 20, Gothenburg, Sweden"]
[Date "2019.10.05"]
[Round "1.10"]
[White "Moller, Mikael"]
[Black "Angskog, Kent"]
[Result "0-1"]
[TimeControl "15 minutes + 10 seconds per move from move one"]
[WhiteFideId "1738461"]
[BlackFideId "1703668"]
[WhiteElo "1826"]
[BlackElo "2136"]

1. d4 d6 2. e4 g6 3. Nc3 Bg7 4. Be3 a6 5. Qd2 b5 6.
O-O-O Nd7 7. f3 Bb7 8. g4 Rc8 9. Kb1 c5 10. h4 h5 11. g5 Qa5 12. Nh3 b4 13. Ne2 Nb6 14. Ng3 Na4 15.
Ne2 c4 16. c3 bxc3 17. Nxc3 Nb6 18. Nf2 e6 19. Bh3 Rb8 20. f4 Ne7 21. f5 gxf5 22. exf5 Nxf5 23. Bxf5 Qxf5+ 24. Ka1 Bxh1 25.
Rxh1 Nd5 26. Nxd5 exd5 27. Bf4 O-O 28. Bxd6 Rbe8 29. Bxf8 Bxf8 30. Rg1 Bg7 31. a3 Re6 32. Rg2 Qf3 33.
Rg1 Re2 0-1

[Event "Snabb-SM för veteraner, 50+ 2019"]
[Site "Schackcentrum, Vegagatan 20, Gothenburg, Sweden"]
[Date "2019.10.05"]
[Round "1.11"]
[White "Gamback, Bjorn"]
[Black "Torell, Torsten"]
[Result "1-0"]
[TimeControl "15 minutes + 10 seconds per move from move one"]
[WhiteTitle "CM"]
[WhiteFideId "1703161"]
[BlackFideId "1723839"]
[WhiteElo "2120"]
[BlackElo "1708"]

1. e4 c5 2. c3 Nf6 3. e5 Nd5 4. d4 cxd4 5. Nf3 d6 6. Bc4 Nb6 7. Bb5+ Bd7 8. Bxd7+ Qxd7 9. exd6 Qxd6 10. cxd4 g6 11. Nc3 Bg7 12. O-O O-O 13. Qe2 Nc6 14.
Be3 Rad8 15. Rfd1 Nd5 16. Ne4 Qb8 17. Rac1 Nxe3 18. fxe3 Nb4 19. Nc3 Nc6 20. a3 a6 21. Qf2 e5 22.
d5 Ne7 23. e4 h6 24. b4 f5 25.
Qc5 Qd6 26. Nd2 f4 27. Qxd6 Rxd6 28. Na4 b5 29. Nc5 g5 30. Rf1 g4 31. Rc3 h5 32. Ndb3 Bh6 33. Ne6 Rc8 34. Rxc8+ Nxc8 35. Rc1 Ne7 36. Rc7 Kf7 37. Nbc5 f3 38. Nd7 Be3+ 39. Kf1 Bd4 40. Nxd4 exd4 41. gxf3 gxf3 42.
Kf2 Ng6 43. Kxf3 Ke8 44. Nc5 Ne5+ 45.
Ke2 Nc4 46. Kd3 Nxa3 47. Ne6 Nc4 48. Kxd4 1-0

[Event "Snabb-SM för veteraner, 50+ 2019"]
[Site "Schackcentrum, Vegagatan 20, Gothenburg, Sweden"]
[Date "2019.10.05"]
[Round "2.1"]
[White "Angskog, Kent"]
[Black "Andreasson, Ingvar"]
[Result "0-1"]
[TimeControl "15 minutes + 10 seconds per move from move one"]
[WhiteFideId "1703668"]
[BlackFideId "1700294"]
[WhiteElo "2136"]
[BlackElo "2413"]

1. c4 g6 2. Nc3 Bg7 3. g3 c5 4. Bg2 Nc6 5. a3 Nh6 6. Rb1 Nf5 7. b4 Ne5 8. Qb3 Nd4 9. Qa2 cxb4 10. axb4 h5 11. f4 Ng4 12. e3 Nf5 13. Nge2 d6 14.
h3 Ngh6 15. O-O e5 16. fxe5 dxe5 17.
Nd5 O-O 18. e4 Nd6 19. d3 Be6 20. Nec3 f5 21. c5 Ndf7 22. Qa5 h4 23. Qxd8 Raxd8 24. gxh4 f4 25. b5 g5 26. c6 gxh4 27.
Ba3 Ng5 28. Bxf8 Bxf8 29. Kh2 Rc8 30. cxb7 Rb8 31. b6 Rxb7 32. bxa7 Rxa7 33. Rb6 Rf7 34. Bf3 Bc5 35. Rc6 Bxh3 36. Rxc5 Bxf1 37. Bh5 Ra7 38. Rc6 Nhf7 39. Nf6+ Kg7 40.
Ncd5 Bxd3 41. Rc8 Ra2+ 42. Kh1 Bxe4+ 43. Nxe4 Nxe4 44. Bxf7 Kxf7 45. Rh8 h3 0-1

[Event "Snabb-SM för veteraner, 50+ 2019"]
[Site "Schackcentrum, Vegagatan 20, Gothenburg, Sweden"]
[Date "2019.10.05"]
[Round "2.2"]
[White "Gamback, Bjorn"]
[Black "Svenn, Gosta"]
[Result "0-1"]
[TimeControl "15 minutes + 10 seconds per move from move one"]
[WhiteTitle "CM"]
[BlackTitle "FM"]
[WhiteFideId "1703161"]
[BlackFideId "1700553"]
[WhiteElo "2120"]
[BlackElo "2272"]

1. Nf3 e6 2. c4 f5 3. b3 Nf6 4. Bb2 Be7 5. e3 O-O 6. d3 d6 7. Nbd2 a5 8. a3 Nc6 9. g3 e5 10.
Bg2 Qe8 11. O-O Kh8 12. Ne1 f4 13. exf4 exf4 14. d4 Bg4 15. f3 Bf5 16. g4 Bg6 17. Qe2 d5 18. Qf2 Qd7 19. Kh1 Rfe8 20. Rg1 a4 21. b4 dxc4 22. Nxc4 Bd6 23.
Bf1 Nd5 24. Bd3 Qf7 25. Nxd6 cxd6 26. Bxg6 Qxg6 27. Ng2 Qd3 28. Rgd1 Re2 29. Rxd3 Rxf2 30. Bc3 Re8 31. Bd2 g5 32. Re1 Ree2 33. Rxe2 Rf1# 0-1

[Event "Snabb-SM för veteraner, 50+ 2019"]
[Site "Schackcentrum, Vegagatan 20, Gothenburg, Sweden"]
[Date "2019.10.05"]
[Round "2.3"]
[White "Sigeman, Johan"]
[Black "Madebrink, Lars"]
[Result "1-0"]
[TimeControl "15 minutes + 10 seconds per move from move one"]
[WhiteFideId "1705601"]
[BlackFideId "1701347"]
[WhiteElo "2100"]
[BlackElo "2179"]

1. c4 Nf6 2. Nc3 c5 3. Nf3 g6 4. e3 Bg7 5. d4 cxd4 6. exd4 O-O 7. Bg5 d6 8. Qd2 Nc6 9. Be2 Re8 10.
O-O Bf5 11. d5 Ne5 12. Nxe5 dxe5 13. Rfd1 Qa5 14. a3 a6 15. b4 Qc7 16. Be3 Bg4 17. f3 Bd7 18. c5 Rad8 19. Rac1 Qb8 20.
Qa2 Bf5 21. Bc4 e4 22. d6 exd6 23. Bxf7+ Kh8 24. Bxe8 Rxe8 25. Bf4 exf3 26. gxf3 Qc8 27. cxd6 Bh3 28. Qf7 Rf8 29. Qe7 Qf5 30. Ne2 Nd5 31.
Qg5 Nxf4 32. Qxf4 Qe6 33. Qe4 Be5 34. d7 Qf6 35. d8=Q Rxd8 36. Rxd8+ Kg7 37. Rcd1 Qg5+ 38. Kf2 Bxh2 39. R8d7+ Kf8 40. Rd8+ Kg7 41.
R1d7+ Bxd7 42. Rxd7+ Kf8 43. Qg4 Qf6 44. Kg2 Be5 45. Rxb7 h5 46. Qc8+ 1-0

[Event "Snabb-SM för veteraner, 50+ 2019"]
[Site "Schackcentrum, Vegagatan 20, Gothenburg, Sweden"]
[Date "2019.10.05"]
[Round "2.4"]
[White "Borvander, Tom"]
[Black "Svensson, Sven"]
[Result "1-0"]
[TimeControl "15 minutes + 10 seconds per move from move one"]
[WhiteFideId "1707388"]
[BlackFideId "1709240"]
[WhiteElo "2066"]
[BlackElo "2158"]

1. d4 Nf6 2. c4 e6 3. g3 d5 4. Nf3 Be7 5. Bg2 O-O 6. O-O c6 7. Qc2 Nbd7 8. Bf4 dxc4 9. Qxc4 Nb6 10.
Qc2 Nbd5 11. Bd2 Nb4 12. Qc1 Qb6 13. Nc3 Nbd5 14. Re1 Nxc3 15. bxc3 c5 16. Rb1 Qc7 17. Ne5 Bd6 18. Nc4 Nd5 19.
e4 Nb6 20. Nxd6 Qxd6 21. Bf4 Qe7 22. Qa3 Nd7 23. e5 Nb6 24.
Rxb6 1-0

[Event "Snabb-SM för veteraner, 50+ 2019"]
[Site "Schackcentrum, Vegagatan 20, Gothenburg, Sweden"]
[Date "2019.10.05"]
[Round "2.5"]
[White "Andersson, Johan"]
[Black "Naslund, Mikael"]
[Result "1/2-1/2"]
[TimeControl "15 minutes + 10 seconds per move from move one"]
[BlackTitle "FM"]
[WhiteFideId "1703935"]
[BlackFideId "1708260"]
[WhiteElo "2152"]
[BlackElo "2076"]

1. e4 c5 2. Nf3 Nc6 3. Bb5 g6 4. O-O Bg7 5. Qe2 e5 6.
Qc4 d6 7. b4 Be6 8. Qc3 cxb4 9. Bxc6+ Kf8 10. Qxb4 bxc6 11. Ba3 c5 12. Qb5 Rb8 13. Qe2 f6 14. c3 Ne7 15. d4 cxd4 16.
cxd4 Kf7 17. Rd1 Qb6 18. dxe5 dxe5 19. Rd6 Qb5 20. Qd2 Rhc8 21. Rxe6 Kxe6 22. Qd6+ Kf7 23. Qxe7+ Kg8 24. Nbd2 Qa6 25.
Qd6 Qxd6 26. Bxd6 Rb2 27. Ba3 Rbc2 28. Bb4 Bf8 29. Bxf8 Kxf8 30. Kf1 Rc1+ 31.
Rxc1 Rxc1+ 32. Ke2 Ra1 33. Kd3 Rxa2 34. Kc4 Ke7 35. Kb3 Ra1 36.
Kb2 Ra4 37. Ne1 Rd4 38. Kc3 Ra4 39. Nd3 Ra2 40. Nb4 Ra3+ 41. Kb2 Ra4 42. Kb3 Ra1 43. Nd5+ Ke6 44. Kb2 Rh1 45. h3 Rg1 46.
Ne3 Re1 47. Kc2 Ra1 48. Kb2 Re1 49. Kc2 1/2-1/2

[Event "Snabb-SM för veteraner, 50+ 2019"]
[Site "Schackcentrum, Vegagatan 20, Gothenburg, Sweden"]
[Date "2019.10.05"]
[Round "2.6"]
[White "Eriksson, Kristian"]
[Black "Hautajarvi, Jukka"]
[Result "1/2-1/2"]
[TimeControl "15 minutes + 10 seconds per move from move one"]
[WhiteFideId "1705172"]
[BlackFideId "1716190"]
[WhiteElo "2025"]
[BlackElo "2145"]

1. e4 e5 2. Nf3 Nc6 3. d4 exd4 4. Nxd4 Bc5 5. Be3 Bxd4 6. Bxd4 Nxd4 7. Qxd4 Qf6 8. e5 Qb6 9. Qxb6 axb6 10.
Nc3 Ra5 11. f4 f6 12. exf6 Nxf6 13. O-O-O O-O 14. a3 d6 15. Bc4+ Kh8 16. g3 Bd7 17. Rhe1 Raa8 18. Re7 Rae8 19.
Rde1 Rxe7 20. Rxe7 Re8 21. Rxe8+ Bxe8 22. Kd2 g6 23. Nd5 Nxd5 24. Bxd5 c6 25. Be6 b5 26. Ke3 Kg7 27. Kd4 Kf6 28. Bh3 g5 29. fxg5+ Kxg5 30. Bc8 b6 31. c3 h6 32. h4+ Kf6 33. Ke4 h5 34. Kf4 Kg6 35.
g4 hxg4 36. Bxg4 Kf6 37. Bf5 d5 38. Bg4 c5 39. Be2 Bd7 40. h5 b4 41. axb4 cxb4 42. cxb4 Bf5 43. Bf3 d4 44. Be4 Be6 45. h6 Bc4 46. h7 Kg7 47. Ke5 d3 48. Kd4 d2 49. Bc2 Be2 50.
Kd5 d1=Q+ 51. Bxd1 Bxd1 52. Kc6 Kxh7 53. Kxb6 Kg6 54. b5 Kf6 55. Kc7 Ke5 56.
b6 Bf3 57. b4 Kd4 58. b7 Bxb7 59. Kxb7 Kc4 1/2-1/2

[Event "Snabb-SM för veteraner, 50+ 2019"]
[Site "Schackcentrum, Vegagatan 20, Gothenburg, Sweden"]
[Date "2019.10.05"]
[Round "2.7"]
[White "Svenn, Matti"]
[Black "Karlsson, Ulf"]
[Result "1-0"]
[TimeControl "15 minutes + 10 seconds per move from move one"]
[WhiteFideId "1705091"]
[BlackFideId "1721674"]
[WhiteElo "2195"]
[BlackElo "2035"]

1. e4 c5 2. Nf3 Nc6 3. d4 cxd4 4. Nxd4 e5 5. Nb5 d6 6. c4 Be7 7. Be2 f5 8.
exf5 Bxf5 9. O-O Nf6 10. N1c3 a6 11. Na3 O-O 12. Nc2 Qd7 13. Ne3 Be6 14. Ned5 Bd8 15. Be3 Ne7 16. Nxf6+ gxf6 17.
f4 f5 18. c5 e4 19. cxd6 Nc6 20. Nd5 Rf7 21. Nb6 Bxb6 22. Bxb6 Nb4 23. Rc1 Nd5 24. Qd4 Rg7 25. Bc4 Nxb6 26.
Qxb6 Bxc4 27. Rxc4 Rd8 28. Rd1 Rc8 29. Rxc8+ Qxc8 30. d7 1-0

[Event "Snabb-SM för veteraner, 50+ 2019"]
[Site "Schackcentrum, Vegagatan 20, Gothenburg, Sweden"]
[Date "2019.10.05"]
[Round "2.8"]
[White "Holst, Conny"]
[Black "Frisk, Hans"]
[Result "1-0"]
[TimeControl "15 minutes + 10 seconds per move from move one"]
[WhiteFideId "1701428"]
[BlackFideId "1708570"]
[WhiteElo "2166"]
[BlackElo "1948"]

1. d4 Nf6 2. c4 e6 3. Nc3 Bb4 4. e3 O-O 5. Bd3 d5 6. Nge2 dxc4 7. Bxc4 c5 8. O-O Nc6 9. a3 Bxc3 10.
bxc3 Na5 11. Ba2 c4 12. f3 Bd7 13. e4 Bc6 14. Bg5 Qd7 15. Bxf6 gxf6 16. Ng3 Kh8 17. Qd2 Rg8 18. Rad1 Rad8 19. Bb1 Qd6 20. e5 fxe5 21.
Qh6 Rg6 22. Bxg6 fxg6 23. Ne4 Qxa3 24.
dxe5 Qe7 25. Nf6 Rd3 26. Ra1 b6 27. Rfb1 1-0

[Event "Snabb-SM för veteraner, 50+ 2019"]
[Site "Schackcentrum, Vegagatan 20, Gothenburg, Sweden"]
[Date "2019.10.05"]
[Round "2.9"]
[White "Bergre, Joachim"]
[Black "Kirppo, Ronny"]
[Result "1-0"]
[TimeControl "15 minutes + 10 seconds per move from move one"]
[WhiteFideId "1704893"]
[BlackFideId "1724681"]
[WhiteElo "2035"]
[BlackElo "1877"]

1. Nf3 Nf6 2. c4 b6 3. g3 Bb7 4. Bg2 e6 5. O-O Be7 6. b3 O-O 7. Bb2 c5 8. e3 Nc6 9. d4 d5 10.
Nbd2 cxd4 11. Nxd4 Rc8 12. Rc1 Nxd4 13. Bxd4 Qd7 14. Qe2 Ba6 15. Rfd1 Rfd8 16. Bb2 Qe8 17. Bf1 h6 18. Qe1 dxc4 19.
Nxc4 Nd5 20. e4 Bb4 21. Qe2 Ne7 22. a3 Bc5 23. b4 Bxc4 24. Rxc4 Bd6 25. Rcd4 Bb8 26. Qd2 Rxd4 27. Qxd4 Ng6 28.
Qxg7# 1-0

[Event "Snabb-SM för veteraner, 50+ 2019"]
[Site "Schackcentrum, Vegagatan 20, Gothenburg, Sweden"]
[Date "2019.10.05"]
[Round "2.10"]
[White "Wesslen, Ulf"]
[Black "Moller, Mikael"]
[Result "1-0"]
[TimeControl "15 minutes + 10 seconds per move from move one"]
[WhiteFideId "1705199"]
[BlackFideId "1738461"]
[WhiteElo "1971"]
[BlackElo "1826"]

1. d4 d6 2. c4 g6 3. Nc3 Bg7 4. e4 c5 5. d5 e5 6. dxe6 Bxc3+ 7. bxc3 fxe6 8. Nf3 Nc6 9. Bg5 Nf6 10.
e5 Qa5 11. Bxf6 Qxc3+ 12. Nd2 1-0

[Event "Snabb-SM för veteraner, 50+ 2019"]
[Site "Schackcentrum, Vegagatan 20, Gothenburg, Sweden"]
[Date "2019.10.05"]
[Round "2.11"]
[White "Ansner, Bjorn"]
[Black "Torell, Torsten"]
[Result "1-0"]
[TimeControl "15 minutes + 10 seconds per move from move one"]
[WhiteFideId "1702769"]
[BlackFideId "1723839"]
[WhiteElo "1934"]
[BlackElo "1708"]

1. d4 d5 2. Nf3 Nf6 3. Bf4 c5 4. e3 Nc6 5. c3 e6 6. Bd3 Bd6 7. Bg3 O-O 8. Nbd2 b6 9. Ne5 Bb7 10.
f4 Ne7 11. Qf3 Rc8 12. O-O c4 13. Bc2 b5 14. f5 b4 15. Bh4 bxc3 16. bxc3 Bxe5 17. dxe5 Nd7 18. Qg3 Kh8 19. f6 gxf6 20.
Bxf6+ Nxf6 21. Rxf6 Ng6 22. Raf1 Rc7 23. h4 Rg8 1-0

[Event "Snabb-SM för veteraner, 50+ 2019"]
[Site "Schackcentrum, Vegagatan 20, Gothenburg, Sweden"]
[Date "2019.10.05"]
[Round "3.1"]
[White "Andreasson, Ingvar"]
[Black "Sigeman, Johan"]
[Result "1-0"]
[TimeControl "15 minutes + 10 seconds per move from move one"]
[WhiteFideId "1700294"]
[BlackFideId "1705601"]
[WhiteElo "2413"]
[BlackElo "2100"]

1. Nf3 Nf6 2. c4 e6 3. e3 d5 4. b3 Be7 5. Bb2 O-O 6. Nc3 c5 7. cxd5 exd5 8. d4 cxd4 9. Nxd4 Nc6 10.
Be2 Bd6 11. O-O Re8 12. Rc1 Ne5 13. Ncb5 Bb8 14. Qc2 Bg4 15. f3 Bd7 16. Nc7 Bxc7 17. Qxc7 Qe7 18. Qxb7 Reb8 19. Qc7 Nc4 20. Bxc4 Qxe3+ 21. Kh1 dxc4 22.
Qxc4 Rc8 23. Qe2 Nd5 24. Qxe3 Nxe3 25. Rfe1 Nd5 26. g3 h6 27. Kg2 f6 28. a3 Kf7 29. Kf2 Rab8 30. Red1 Nb6 31.
Rxc8 Rxc8 32. h4 Rc5 33. Rc1 Rxc1 34. Bxc1 Ke7 35. Bd2 Nd5 36. h5 Kd6 37. Ke2 Ne7 38. Bb4+ Kd5 39. Bxe7 Kxd4 40. Bf8 Be8 41. Bxg7 Bxh5 42.
Bxf6+ Kd5 43. Bg7 Bf7 44. Bxh6 Kd4 45. b4 Bc4+ 46. Kf2 1-0

[Event "Snabb-SM för veteraner, 50+ 2019"]
[Site "Schackcentrum, Vegagatan 20, Gothenburg, Sweden"]
[Date "2019.10.05"]
[Round "3.2"]
[White "Svenn, Gosta"]
[Black "Borvander, Tom"]
[Result "1/2-1/2"]
[TimeControl "15 minutes + 10 seconds per move from move one"]
[WhiteTitle "FM"]
[WhiteFideId "1700553"]
[BlackFideId "1707388"]
[WhiteElo "2272"]
[BlackElo "2066"]

1. d4 Nf6 2. c4 g6 3. Nc3 Bg7 4. e4 d6 5. Nf3 O-O 6. Be2 e5 7. O-O Nc6 8. d5 Ne7 9. Ne1 Nd7 10.
Nd3 f5 11. a4 fxe4 12. Nxe4 Nf6 13. f3 Nf5 14. Bg5 h6 15. Bd2 Kh7 16. Ndf2 a5 17. Bd3 Bd7 18. Re1 b6 19. Bc3 Nh4 20.
Ng3 Ng8 21. Qc2 Ne7 22. Re4 Nef5 23. Rae1 Kh8 24. b3 g5 25. R4e2 Qe8 26. Nfe4 Ne7 27. Nf2 Neg6 28. Bxg6 Nxg6 29. Nge4 Nf4 30. Rd2 Bf5 31.
Rf1 Qg6 32. Rdd1 g4 33. fxg4 Bxg4 34. Nxg4 Qxg4 35. Kh1 Rg8 36. Rde1 Raf8 37. Qd2 h5 38. g3 Ng6 39. Qg2 Ne7 40.
h3 Qg6 41. Bd2 Nf5 42. Kh2 Nd4 43. Re3 Bh6 44. Ree1 Bxd2 45. Nxd2 Qd3 46. Rxf8 Rxf8 47. Rf1 Rxf1 48. Nxf1 Qxb3 49. Kh1 Qxc4 50. g4 hxg4 51.
hxg4 Kg7 52. Ng3 Qc1+ 53. Kh2 Qh6+ 54. Nh5+ Kh8 55. Qf1 e4 56. Qf7 Nf3+ 57. Kg3 Ne5 58. Qe8+ Kh7 59. Qe7+ Kh8 60.
Qd8+ Kh7 61. Qxc7+ Kh8 62. Qxb6 Qf8 63.
Nf4 Qg7 64. Qd8+ Kh7 65. g5 e3 66. Ne6 Qf7 67. Qc7 Qxc7 68. Nxc7 Kg6 69. Nb5 Nc4 70. Kf3 Kxg5 71. Na7 Kf5 72. Nc6 Nb2 73. Kxe3 Nxa4 74. Nxa5 Ke5 75. Nb7 Kxd5 76. Nxd6 Ke5 77. Ke4+ 1/2-1/2

[Event "Snabb-SM för veteraner, 50+ 2019"]
[Site "Schackcentrum, Vegagatan 20, Gothenburg, Sweden"]
[Date "2019.10.05"]
[Round "3.3"]
[White "Hautajarvi, Jukka"]
[Black "Svenn, Matti"]
[Result "1/2-1/2"]
[TimeControl "15 minutes + 10 seconds per move from move one"]
[WhiteFideId "1716190"]
[BlackFideId "1705091"]
[WhiteElo "2145"]
[BlackElo "2195"]

1. d4 Nf6 2. Nf3 g6 3. g3 Bg7 4. Bg2 O-O 5.
O-O d5 6. c4 dxc4 7. Ne5 Nc6 8. Nxc6 bxc6 9. Qa4 Nd5 10. Qxc4 Rb8 11. Rd1 Qd6 12. Nc3 Rb4 13. Bxd5 Rxc4 14.
Bxc4 Qb4 15. Bb3 Bxd4 16. Bd2 Qb6 17.
Be1 Bg7 18. Rac1 Bg4 19. Na4 Qb5 20. f3 Bh3 21. Kf2 h5 22. Rc4 Be6 23. Rb4 Qf5 24. Rf4 Bxb3 25. Rxf5 Bxa4 26. b3 gxf5 27. bxa4 Rb8 28. Rc1 Rb2 29. Rxc6 Rxa2 30. Rxc7 e6 31.
a5 Bd4+ 32. Kf1 Ra1 33. e4 fxe4 34. fxe4 Kg7 35. Ke2 Kf6 36. Bd2 Ra2 37. Kd3 Bg1 38. h3 Kg6 39. g4 hxg4 40. hxg4 Ra3+ 41. Ke2 Bd4 42. Rc8 Rg3 43. g5 Ra3 44. Rg8+ Kh7 45. Rd8 e5 46. Rd6 Kg7 47.
Rc6 1/2-1/2